 Dungeon Crawl Stone Soup version 0.27-a0-1193-g8631133539 (console) character file.

Game seed: 7210056865922098688

90 jejorda2 the Slasher (level 4, -2/37 HPs)
             Began as a Merfolk Berserker on May 26, 2021.
             Was a Believer of Trog.
             Slain by a gnoll
             ... wielding a +0 flail
              (9 damage)
             ... on level 2 of the Dungeon.
             The game lasted 00:02:49 (2246 turns).

jejorda2 the Slasher (Merfolk Berserker)            Turns: 2246, Time: 00:02:50

Health: -2/37      AC:  2    Str: 18    XL:     4   Next: 56%
Magic:  4/4        EV: 12    Int:  6    God:    Trog [**....]
Gold:   69         SH:  0    Dex: 13    Spells: 3/3 levels left

rFire    . . .     SeeInvis .   a - +0 falchion
rCold    . . .     Faith    .   (no shield)
rNeg     . . .     Spirit   .   b - +0 animal skin
rPois    .         Reflect  .   (no helmet)
rElec    .         Harm     .   (no cloak)
rCorr    .         Rampage  .   (no gloves)
Will     .....                  (no boots)
Stlth    +.........             (no amulet)
HPRegen  0.12/turn              (no ring)
MPRegen  0.09/turn              (no ring)

@: on berserk cooldown, slowed, very slow
A: (nimble swimmer 2), mertail
a: Renounce Religion, Berserk, Trog's Hand


You were on level 2 of the Dungeon.
You worshipped Trog.
Trog was pleased with you.
You visited 1 branch of the dungeon, and saw 2 of its levels.

You collected 69 gold pieces.

Inventory:

Hand Weapons
 a - a +0 falchion (weapon)
Missiles
 h - 4 poisoned darts (quivered)
Armour
 b - a +0 animal skin (worn)
Scrolls
 d - a scroll of acquirement {unknown}
 i - a scroll of blinking {unknown}
 j - a scroll of noise {unknown}
Potions
 c - a potion of curing {unknown}
 e - a potion of cancellation {unknown}
 f - a potion of invisibility {unknown}
 g - a potion of flight {unknown}


   Skills:
 + Level 4.0 Fighting
 * Level 4.6 Long Blades
 + Level 2.1 Armour
 - Level 2.6 Dodging


You had 3 spell levels left.
You didn't know any spells.
Your spell library was empty.

Dungeon Overview and Level Annotations

Branches:
Dungeon (2/15)

Altars:


Innate Abilities, Weirdness & Mutations

((You are quick and stealthy near water. (Stealth+, EV+, Speed+++)))
Your lower body shifts to a powerful aquatic tail in water.


Message History

You feel a strong urge to attack something.
A gnoll comes into view. It is wielding a +0 spear.
The gnoll closely misses you.
You riposte.
The gnoll shouts!
You slash the gnoll!
You kill the gnoll!
Trog accepts your kill.
You hear a shout!
You hear a shout!
The gnoll hits you from afar with a +0 spear.
Items here: ) †.
You feel your anger nearly subside. The gnoll completely misses you.
The gnoll hits you with a +0 spear.
You slash the gnoll!
The gnoll is severely wounded.
The gnoll misses you.
You slash the gnoll!
You kill the gnoll!
Trog accepts your kill.
You are no longer berserk.
You are exhausted.
You feel yourself slow down.
Your Fighting skill increases to level 4!
A hobgoblin comes into view.
The hobgoblin shouts!
The gnoll hits you with a +0 spear. x2
Items here: ) †.
You hit the gnoll.
The gnoll is heavily wounded.
The gnoll closely misses you.
You closely miss the gnoll.
The gnoll is heavily wounded.
The gnoll hits you with a +0 spear! The gnoll hits you with a +0 spear.
The gnoll misses you.
The gnoll hits you from afar with a +0 spear.
* * * LOW HITPOINT WARNING * * *
The gnoll hits you from afar with a +0 spear.
* * * LOW HITPOINT WARNING * * *
The gnoll hits you with a +0 flail!
You die...

...........#
#.##.####..# #.##.#
#..# #.##.# #..#
#)##.## #..#
#.#...###..#
...#####).........#
((........g....#.##
g..#.#..gg@.##.#.#
....(#.##.##....
##...#....#....##
#...#.....<.)...
..........##..##..
###...####.##... ..
#... .# ..


You could see 2 gnolls and a hobgoblin.

Vanquished Creatures
  2 gnolls (D:2)
  An adder (D:2)
  A worm (D:2)
  A dart slug (D:1)
  4 ball pythons
  10 bats
  6 endoplasms
  2 giant cockroaches (D:1)
  3 hobgoblins (D:1)
  5 jackals (D:1)
  3 kobolds
  6 frilled lizards (D:1)
  5 goblins
  3 rats (D:1)
52 creatures vanquished.

Notes
Turn   | Place    | Note
-------+----------+-------------------------------------------
     0 | D:1      | jejorda2 the Merfolk Berserker began the quest for the Orb.
     0 | D:1      | Reached XP level 1. HP: 18/18 MP: 1/1
   178 | D:1      | Reached XP level 2. HP: 18/24 MP: 2/2
   650 | D:1      | Reached XP level 3. HP: 23/29 MP: 3/3
  1114 | D:1      | Reached ** piety under Trog
  1852 | D:2      | Reached XP level 4. HP: 31/37 MP: 4/4
  2246 | D:2      | Slain by a gnoll

Illustrated notes

Levels and vault maps discovered:
D:1:      kennysheep_arrival_seaside, layout_basic, minmay_pentomino_s2
D:2:      layout_loops_ring, basic_altar

Skill      XL: |  1  2  3  4 |
---------------+-------------+-----
Long Blades    | 4 |  4.6
Armour         | 2 |  2.1
Fighting       | 4 |  4.0
Dodging        | |  2.6

Action                   |  1- 3 |  4- 6 || total
-------------------------+-------+-------++-------
Melee: Falchion          |   144 |    15 ||   159
Throw: Dart              |       |     2 ||     2
Invok: Berserk           |       |     1 ||     1
Armor: Animal skin       |    49 |     3 ||    52
Dodge: Dodged            |   115 |    11 ||   126
       Rpst.: Falchion   |    26 |     3 ||    29

Table legend: (Time is in decaauts)
 A = Elapsed time spent in this place.
 B = Non-inter-level travel time spent in this place.
 C = Inter-level travel time spent in this place.
 D = Time resting spent in this place.
 E = Time spent auto-exploring this place.
 F = Levels seen in this place.
 G = Mean time per level.
                   A        B        C        D        E       F      G
               +--------+--------+--------+--------+--------+-----+--------+
         Total |   2252 |   2206 |     46 |     37 |   1816 |   2 | 1126.0 |
       Dungeon |   2252 |   2206 |     46 |     37 |   1816 |   2 | 1126.0 |
               +--------+--------+--------+--------+--------+-----+--------+

Top non-repeatable levels by time:
     D:1: 1490 daAuts
     D:2: 762 daAuts
